 Dungeon Crawl Stone Soup version 0.28-a0-793-g31680bbd8b (webtiles) character file.

Game seed: 16557027261528090037

44 ytrimaz the Skirmisher (level 3, 0/29 HPs)
             Began as a Demonspawn Berserker on Nov 4, 2021.
             Was a Believer of Trog.
             Slain by an orc (4 damage)
             ... on level 3 of the Dungeon.
             The game lasted 00:01:47 (3050 turns).

ytrimaz the Skirmisher (Demonspawn Berserker)       Turns: 3050, Time: 00:01:48

Health: 0/29       AC:  3    Str: 18    XL:     3   Next: 41%
Magic:  3/3        EV: 12    Int:  8    God:    Trog [**....]
Gold:   53         SH:  4    Dex: 12    Spells: 2/2 levels left

rFire   . . .      SeeInvis .   a - +1 hand axe
rCold   . . .      Faith    .   (no shield)
rNeg    . . .      Spirit   .   b - +1 animal skin
rPois   .          Reflect  .   (no helmet)
rElec   .          Harm     .   (no cloak)
rCorr   .          Rampage  .   (no gloves)
Will    ++...                   (no boots)
Stlth   +.........              (no amulet)
HPRegen 1.09/turn               (no ring)
MPRegen 0.08/turn               (no ring)

@: strong-willed, regenerating
A: large bone plates 1, spiny 1
a: Renounce Religion, Berserk, Trog's Hand


You were on level 3 of the Dungeon.
You worshipped Trog.
Trog was pleased with you.
You visited 1 branch of the dungeon, and saw 3 of its levels.

You collected 53 gold pieces.

Inventory:

Hand Weapons
 a - a +1 hand axe (weapon)
Armour
 b - a +1 animal skin (worn)
Jewellery
 d - a ring of fire
Scrolls
 c - a scroll of torment
Potions
 e - a potion of heal wounds {unknown}
 f - 2 potions of curing {unknown}
 j - 2 potions of flight {unknown}


   Skills:
 + Level 3.6 Fighting
 + Level 3.1 Axes
 * Level 2.0 Armour
 * Level 2.2 Dodging


You had 2 spell levels left.
You didn't know any spells.
Your spell library was empty.

Dungeon Overview and Level Annotations

Branches:
Dungeon (3/15)

Altars:


Innate Abilities, Weirdness & Mutations

You are partially covered in large bone plates. (SH +4)
You are partially covered in sharp spines.


Message History

You open the door.
There is an open door here.
As you open the door, it creaks loudly!
An orc comes into view. It is wielding a +0 war axe.
The orc shouts!
You hear a shout! x2
An orc comes into view. It is wielding a +0 flail.
The orc moves out of view.
An orc is nearby!
An orc is nearby!
An orc is nearby!
An orc, an orc priest and an orc wizard come into view.
The orc priest is wielding a +1 hand axe of flaming.
Found a dagger.
The orc wizard shouts!
The orc priest shouts!
The orc wizard gestures at you while chanting.
You are confused.
The orc moves out of view.
There is an open door here.
The orc shouts!
The orc wizard casts a spell at you. The puff of flame hits you!
You bump into the rock wall.
You're too confused to move!
The orc priest calls down the wrath of Beogh upon you.
Beogh smites you! The orc is struck by your spines. The orc closely misses you.
Unknown command.
Unknown command.
You're too confused to move!
You feel less confused.
Unknown command.
Your skin crawls.
You feel strong-willed.
The orc wizard is struck by your spines.
The orc wizard hits you but does no damage.
The orc hits you with a +0 war axe!
* * * LOW HITPOINT WARNING * * *
The orc is struck by your spines. The orc barely misses you.
The orc is struck by your spines. The orc hits you with a +0 flail.
You die...

......######.............<....#
###.............####.######...#
#####.######..######..........#
#.....# #..#..........###..#
..##..# #..#.......##.# #..#
####..## #..#.......##.# ..#
.......# #..#.......##.# ...
######'#####..'.......##†# #..#
#......#.##.@oo...##.# ...
#......#.##ooo....##.#
#......#.##.......##.#
###..###.##.......##.#
##.###.##.......##..
#..##.##...)...####
##.##.##.......# ##
#..#.##.......# .#
##.#.######....


You could see an orc priest, an orc wizard and 3 orcs.

Vanquished Creatures
  A worm (D:2)
  5 bats
  8 endoplasms
  3 giant cockroaches
  A goblin (D:1)
  2 jackals (D:2)
  2 quokkas
  6 ball pythons
  A frilled lizard (D:2)
  4 kobolds
  7 rats
40 creatures vanquished.

Vanquished Creatures (others)
  A plant (D:2)
1 creature vanquished.

Grand Total: 41 creatures vanquished

Notes
Turn   | Place    | Note
-------+----------+-------------------------------------------
     0 | D:1      | ytrimaz the Demonspawn Berserker began the quest for the
                  | Orb.
     0 | D:1      | Reached XP level 1. HP: 18/18 MP: 1/1
   673 | D:1      | Gained mutation: You are partially covered in large bone
                  | plates. (SH +4) [demonic ancestry]
   673 | D:1      | Reached XP level 2. HP: 3/24 MP: 2/2
  2061 | D:2      | Gained mutation: You are partially covered in sharp spines.
                  | [demonic ancestry]
  2061 | D:2      | Reached XP level 3. HP: 16/29 MP: 3/3
  2369 | D:2      | Reached ** piety under Trog
  3050 | D:3      | Slain by an orc

Illustrated notes

Levels and vault maps discovered:
D:1:      ncdulo_wetmaze, layout_basic, chequers_serial_rivers_large_b
D:2:      layout_basic, serial_forest, infiniplex_forest_clump_small,
          infiniplex_forest_zigzag_2, infiniplex_forest_lined_corner,
          infiniplex_forest_clump_small, infiniplex_forest_clump_tiny,
          infiniplex_forest_fountain, infiniplex_forest_straight_2,
          minmay_misc_feat_doors, kennysheep_generic_room_14
D:3:      layout_basic, minmay_misc_feat_x

Skill      XL: |  1  2  3 |
---------------+----------+-----
Dodging        | 2 |  2.2
Axes           | 3 |  3.1
Armour         | 2 |  2.0
Fighting       | |  3.6

Action                   || total
-------------------------++-------
Melee: Hand axe          ||   106
Invok: Berserk           ||     1
       Trog's Hand       ||     1
  Use: Scroll            ||     5
 Stab: Sleeping          ||     4
Armor: Animal skin       ||    20
Dodge: Dodged            ||    68
Block: Other             ||    18

Table legend: (Time is in decaauts)
 A = Elapsed time spent in this place.
 B = Non-inter-level travel time spent in this place.
 C = Inter-level travel time spent in this place.
 D = Time resting spent in this place.
 E = Time spent auto-exploring this place.
 F = Levels seen in this place.
 G = Mean time per level.
                   A        B        C        D        E       F      G
               +--------+--------+--------+--------+--------+-----+--------+
         Total |   3129 |   3101 |     28 |     25 |   2744 |   3 | 1043.0 |
       Dungeon |   3129 |   3101 |     28 |     25 |   2744 |   3 | 1043.0 |
               +--------+--------+--------+--------+--------+-----+--------+

Top non-repeatable levels by time:
     D:1: 1668 daAuts
     D:2: 1236 daAuts
     D:3: 223 daAuts
